 Dungeon Crawl Stone Soup version 0.30.1-11-g7821555f0a (webtiles) character file.

Game seed: 16145898604905360122

7128 cowcol the Severer (level 10, -3/91 HPs)
             Began as a Minotaur Fighter on Dec 22, 2023.
             Was an Elder of Okawaru.
             Killed from afar by a manticore (16 damage)
             ... with a volley of spikes
             ... on level 9 of the Dungeon.
             The game lasted 00:30:38 (10477 turns).

cowcol the Severer (Minotaur Fighter)              Turns: 10477, Time: 00:30:39

Health: -3/91      AC: 13    Str: 24    XL:     10   Next: 85%
Magic:  9/9        EV:  7    Int:  7    God:    Okawaru [****..]
Gold:   1684       SH:  0    Dex:  9    Spells: 9/9 levels left

rFire   . . .        a - +0 war axe (freeze)
rCold   . . .        c - +0 buckler
rNeg    . . .        f - +1 plate armour
rPois   .            M - +2 hat {SInv}
rElec   .            (no cloak)
rCorr   .            (no gloves)
SInv    +            n - +2 pair of boots
Will    +....        (no amulet) Stlth
                     v - ring of willpower
HPRegen 0.35/turn    E - ring of see invisible
MPRegen 0.11/turn

%: no passive effects
@: confused, ambrosia-drunk, spiked, corroded, hasted, studying Fighting, very
quick
A: horns 2, retaliatory headbutt
a: Renounce Religion, Heroism, Finesse


You were on level 9 of the Dungeon.
You worshipped Okawaru.
Okawaru was greatly pleased with you.
You visited 2 branches of the dungeon, and saw 10 of its levels.

You collected 1684 gold pieces.

Inventory:

Hand Weapons
 a - a +0 war axe of freezing (weapon)
 j - a +0 great mace
 u - a +2 scimitar of flaming
 N - a +0 war axe of venom
Missiles
 i - 11 boomerangs (quivered)
 A - 18 poisoned darts
 H - 2 javelins
Armour
 b - a +0 scale mail
 c - a +0 buckler (worn)
 f - a +1 plate armour (worn)
 n - a +2 pair of boots (worn)
 D - a +0 chain mail
 M - a +2 hat of see invisible (worn)
Jewellery
 l - the ring "Jiclostru" {rN+ Dex+2 Slay-5 Stlth+}
   (You found it on level 2 of the Dungeon)

   [ring of positive energy]

   Dex:       It affects your dexterity (+2).
   Slay:      It affects your accuracy & damage with ranged weapons and melee
   (-5).
   rN:        It protects you from negative energy.
   Stlth:     It makes you more stealthy.
 v - a ring of willpower (left hand)
 E - a ring of see invisible (right hand)
Wands
 w - a wand of flame (39)
 G - a wand of roots (11)
Scrolls
 g - 2 scrolls of fear
 h - 4 scrolls of enchant weapon
 o - 3 scrolls of vulnerability
 p - 2 scrolls of immolation
 s - a scroll of brand weapon
 x - a scroll of silence
 y - a scroll of identify
 z - 3 scrolls of magic mapping
 C - 3 scrolls of poison
 J - a scroll of blinking
 L - a scroll of amnesia
 O - a scroll of torment
 P - 3 scrolls of teleportation
Potions
 d - 2 potions of might
 e - 2 potions of curing
 k - 2 potions of lignification
 m - a potion of ambrosia
 q - a potion of haste
 r - a potion of cancellation
 t - 2 potions of flight
 B - a potion of brilliance {unknown}
 F - a potion of attraction {unknown}
 I - a potion of berserk rage {unknown}
 K - a potion of resistance {unknown}


   Skills:
 + Level 9.0 Fighting
 * Level 15.7 Axes
 - Level 1.0 Throwing
 + Level 10.1 Armour
 - Level 3.6 Shields
 + Level 0.9 Invocations


You had 9 spell levels left.
You didn't know any spells.
Your spell library contained the following spells:

 Spells                   Type           Power      Damage    Failure   Level
 Apportation              Tloc           0%         N/A       99%         1
 Kiss of Death            Conj/Necr      0%         2d5       99%         1
 Necrotise                Necr           0%         1d4       99%         1
 Confusing Touch          Hex            0%         N/A       100%        3
 Spider Form              Tmut/Pois      0%         N/A       100%        3
 Dispel Undead            Necr           0%         3d6       100%        4
 Petrify                  Tmut/Erth      0%         N/A       100%        4
 Sticky Flame             Conj/Fire      0%         2d3       100%        4
 Irradiate                Conj/Tmut      0%         3d11      100%        5
 Metabolic Englaciation   Hex/Ice        0%         N/A       100%        5
 Statue Form              Tmut/Erth      0%         N/A       100%        6
 Summon Small Mammal      Summ           Unusable   N/A       N/A         1

Dungeon Overview and Level Annotations

Branches:
Dungeon (9/15)             Temple (1/1) D:6             Orc (0/2) D:9
   Lair: D:8-11

Altars:
Dithmenos
Fedhas
Gozag
Kikubaaqudgha
Makhleb
Okawaru
Qazlal
Ru
Sif Muna
Xom
Yredelemnul
Zin

Shops:
D:8 [

Annotations:
D:3 1 runed translucent door, Crazy Yiuf
D:8 4 transporters


Innate Abilities, Weirdness & Mutations

You have a pair of horns on your head.
You reflexively headbutt those who attack you in melee.


Message History

The manticore barely misses you.
You slash the manticore! You freeze the manticore.
Your headbutt misses the manticore.
The manticore is severely wounded.
You hit the manticore but do no damage. Your headbutt misses the manticore.
The manticore is severely wounded.
The manticore bites you but does no damage.
The manticore claws you. The manticore barely misses you.
You hit the manticore. You freeze the manticore.
You headbutt the manticore, but do no damage.
The manticore is almost dead.
The manticore bites you!
* * * LOW HITPOINT WARNING * * *
The manticore barely misses you. The manticore claws you.
* * * LOW HITPOINT WARNING * * *
You barely miss the manticore.
The manticore is almost dead.
The manticore bites you but does no damage.
The manticore closely misses you.
The manticore claws you but does no damage.
You hit the manticore. You freeze the manticore.
Your headbutt misses the manticore.
The manticore is almost dead.
A cyan ugly thing comes into view.
Unknown command.
Blink to where?
Press: ? - help, Dir - move target
As you read the scroll of blinking, it crumbles to dust.
You feel yourself speed up.
You feel better.
The manticore flicks its tail.
The volley of spikes hits you!
The barbed spikes become lodged in your body.
* * * LOW HITPOINT WARNING * * *
You are confused.
You feel invigorated.
The manticore flicks its tail.
The volley of spikes hits you!
The barbed spikes become lodged in your body.
You die...

#.u #..(.......... #..##
#...#.#.#.#.#. #....
#............. .u.
#.###.#.#.#.#.
..####[########......######.
............................
##..##..H.####..............
#....####..............
#.....@................
........................>.
##########################


You could see a cyan ugly thing and a manticore.

Vanquished Creatures
  Gastronok (D:8)
  Erica (D:8)
  Maggie (D:7)
  A yak (D:9)
  2 humans
  4 wyverns
  Grum (D:8)
  3 steam dragons (D:8)
  2 acid dragons
  Duvessa (D:7)
  A water moccasin (D:5)
  4 orc warriors (D:9)
  2 sky beasts
  2 ice beasts
  3 black bears
  2 wolves (D:8)
  A centaur (D:5)
  A phantom (D:3)
  A kobold brigand (D:7)
  A bullfrog (D:6)
  3 scorpions
  A wight (D:9)
  Dowan (D:7)
  8 killer bees (D:8)
  2 howler monkeys (D:9)
  8 hounds
  A gnoll bouda (D:8)
  A human zombie (D:8)
  6 orc priests
  2 jellies
  A sleepcap (D:3)
  4 iguanas
  7 orc wizards
  Robin (D:4)
  4 adders
  5 gnolls (D:8)
  A shadow imp (D:5)
  2 white imps
  3 ufetubi
  A worm (D:4)
  4 dart slugs
  27 orcs
  6 bats
  13 endoplasms
  2 giant cockroaches
  18 goblins
  13 hobgoblins
  A jackal (D:2)
  4 quokkas
  3 ball pythons
  8 frilled lizards
  17 kobolds
  A kobold skeleton (D:8)
  7 rats
221 creatures vanquished.

Notes
Turn   | Place    | Note
-------+----------+-------------------------------------------
     0 | D:1      | cowcol the Minotaur Fighter began the quest for the Orb.
     0 | D:1      | Reached XP level 1. HP: 19/19 MP: 0/0
    77 | D:1      | Reached XP level 2. HP: 27/27 MP: 1/1
   145 | D:1      | Found a faded altar of an unknown god.
   196 | D:1      | Reached skill level 3 in Axes
   558 | D:2      | Reached XP level 3. HP: 33/33 MP: 2/2
   567 | D:2      | Identified the ring "Jiclostru" {rN+ Dex+2 Slay-5 Stlth+}
   849 | D:2      | Reached skill level 4 in Axes
   923 | D:2      | You fall into a shaft and drop 2 floors!
  1091 | D:2      | Identified the +3 leather armour of the Moon {Harm rC-
                  | Str+4 Dex+4}
  1097 | D:2      | Reached XP level 4. HP: 40/40 MP: 3/3
  1177 | D:3      | Found a blossoming altar of Fedhas.
  2072 | D:3      | Noticed a phantom
  2095 | D:3      | Killed a phantom
  2096 | D:3      | Reached skill level 5 in Axes
  2096 | D:3      | Reached XP level 5. HP: 47/47 MP: 4/4
  2614 | D:3      | Found a runed translucent door.
  2615 | D:3      | Noticed Crazy Yiuf
  2681 | D:4      | Reached skill level 6 in Axes
  2751 | D:4      | Noticed Robin
  2763 | D:4      | Killed Robin
  2782 | D:4      | Reached XP level 6. HP: 44/53 MP: 5/5
  2866 | D:4      | Found a shimmering altar of Xom.
  3112 | D:4      | Found a stormy altar of Qazlal.
  3367 | D:5      | Entered Level 5 of the Dungeon
  3367 | D:5      | Found a shadowy altar of Dithmenos.
  3411 | D:5      | Reached skill level 5 in Fighting
  3411 | D:5      | Reached skill level 5 in Armour
  3427 | D:5      | Reached skill level 7 in Axes
  3509 | D:5      | Reached XP level 7. HP: 49/61 MP: 6/6
  3710 | D:5      | Found an ancient bone altar of Kikubaaqudgha.
  3992 | D:5      | Reached skill level 8 in Axes
  3992 | D:5      | Reached skill level 1 in Throwing
  4064 | D:5      | Found a shimmering blue altar of Sif Muna.
  4252 | D:5      | Found a sacrificial altar of Ru.
  4506 | D:6      | Found a burning altar of Makhleb.
  4587 | D:6      | Reached skill level 9 in Axes
  4614 | D:6      | Found a staircase to the Ecumenical Temple.
  4622 | Temple   | Entered the Ecumenical Temple
  4635 | Temple   | Became a worshipper of Warmaster Okawaru
  4705 | D:6      | Reached XP level 8. HP: 61/69 MP: 7/7
  5101 | D:6      | Reached skill level 10 in Axes
  5603 | D:7      | Reached * piety under Okawaru
  5668 | D:7      | Noticed Dowan
  5670 | D:7      | Noticed Duvessa
  5690 | D:7      | Killed Duvessa
  5713 | D:7      | Killed Dowan
  5818 | D:7      | Reached skill level 11 in Axes
  5900 | D:7      | Noticed Maggie
  5916 | D:7      | Killed Maggie
  5917 | D:7      | Reached XP level 9. HP: 56/77 MP: 5/8
  6442 | D:8      | Found a runed translucent door.
  6479 | D:8      | Found a basalt altar of Yredelemnul.
  6500 | D:8      | Reached skill level 12 in Axes
  6752 | D:8      | Noticed Gastronok
  6768 | D:8      | Killed Gastronok
  6768 | D:8      | Reached ** piety under Okawaru
  6769 | D:8      | Reached skill level 13 in Axes
  6996 | D:8      | Noticed Erica
  7020 | D:8      | Killed Erica
  7020 | D:8      | Reached *** piety under Okawaru
  7021 | D:8      | Reached skill level 14 in Axes
  7021 | D:8      | Reached XP level 10. HP: 8/86 MP: 9/9
  7176 | D:8      | Found a transporter.
  7178 | D:8      | Found a transporter.
  7624 | D:8      | Found a transporter.
  7696 | D:8      | Found a transporter.
  7935 | D:8      | Found Daeg Gutusu's Antique Armour Boutique.
  8456 | D:8      | Got Gotzar's Directory of Injurious Moulding
  8457 | D:8      | Identified 2 scrolls of acquirement
  8458 | D:8      | Acquired a manual of Fighting
  8459 | D:8      | Acquired 1217 gold pieces
  8596 | D:8      | Noticed Grum
  8602 | D:8      | Killed Grum
  9218 | D:9      | Reached skill level 15 in Axes
  9324 | D:9      | Reached **** piety under Okawaru
  9349 | D:9      | Found a staircase to the Orcish Mines.
  9881 | D:9      | Reached skill level 10 in Armour
 10463 | D:9      | Noticed a manticore
 10473 | D:9      | Noticed a cyan ugly thing
 10477 | D:9      | Killed from afar by a manticore

Illustrated notes

Levels and vault maps discovered:
D:1:      lightli_iron_boxes, layout_rooms,
          shapermc_ecumenical_altar_totnotflames
D:2:      layout_rooms, minmay_increasing_density
D:3:      minmay_inner_zag, layout_loops_ring,
          mainiacjoe_overflow_concentric_impassable, minmay_quadrilaterals,
          uniq_crazy_yiuf_cottage
D:4:      dreamdust_elfheim, layout_loops_ring, grunt_qazlal_clouds,
          xom_teletrap_fun, amcnicky_mini_corridor_feature,
          chequers_serial_rivers_large_a, uniq_robin
D:5:      layout_loops_cross, marbit_many_paths, overflow_temple_1_default,
          mainiacjoe_overflow_cross_hatched, mainiacjoe_overflow_alcove_4,
          nrook_campfire, chequers_serial_rivers_marsh, minmay_misc_feat_square,
          corexii_checkpoint_a, hex_medium
D:6:      nicolae_cairo_tiling, layout_basic, makhleb_heckhound_becter,
          minmay_temple_entry_wispy, skrybe_limestone_x, eino_curves_03
D:7:      layout_rooms, uniq_duvessa, uniq_maggie
D:8:      layout_loops_corners, dk_yredelemnul_ordeal, serial_shops,
          nicolae_shop_peninsula, nicolae_transporter_circle, uniq_gastronok,
          uniq_grum, uniq_erica
D:9:      layout_stronghold, erik_orc_4, st_stairs_10, kb_rosetta
Temple:   nicolae_temple_god_jail

Skill      XL: |  1  2  3  4  5  6  7  8  9 10 |
---------------+-------------------------------+-----
Fighting       | 4 5 6 7 9 |  9.0
Armour         | 4 5 6 8 9 10 | 10.1
Axes           | 3 4 5 6 7 9 11 14 15 | 15.7
Throwing       | 1 |  1.0
Shields        | |  3.6
Invocations    | |  0.9

Action                     |  1- 3 |  4- 6 |  7- 9 | 10-12 || total
---------------------------+-------+-------+-------+-------++-------
  Melee: War axe           |    66 |   129 |   193 |   171 ||   559
         Headbutt          |     9 |    13 |    28 |    34 ||    84
  Throw: Boomerang         |       |    10 |    11 |       ||    21
         Javelin           |       |       |     4 |       ||     4
 Invoke: Heroism           |       |       |     3 |     3 ||     6
    Use: Scroll            |     7 |     4 |     2 |     7 ||    20
         Potion            |       |     4 |     6 |     5 ||    15
 Armour: Scale mail        |    43 |    65 |     3 |       ||   111
         Chain mail        |       |       |    80 |    42 ||   122
         Plate armour      |       |       |       |    37 ||    37
  Dodge: Dodged            |    41 |    69 |    77 |    54 ||   241
  Block: Buckler           |    26 |    37 |    37 |    26 ||   126
